 Dungeon Crawl Stone Soup version 0.32-a0-933-ga8fa3634e4 (webtiles) character file.

Game seed: 9200720404655996426

136 freelancePsychic the Digger (level 4, -4/33 HPs)
             Began as a Demonspawn Wanderer on Apr 14, 2024.
             Slain by a hound (5 damage)
             ... on level 3 of the Dungeon.
             The game lasted 00:05:20 (3017 turns).

freelancePsychic the Digger (Demonspawn Wanderer)   Turns: 3017, Time: 00:05:21

Health: -4/33      AC:  3    Str: 11    XL:     4   Next: 98%
Magic:  1/7        EV: 10    Int: 22    God:
Gold:   208        SH:  0    Dex: 18    Spells: 5/7 levels left

rFire   . . .        a - +1 dagger
rCold   . . .        (no shield)
rNeg    . . .        c - +1 robe
rPois   .            (helmet restricted)
rElec   .            (no cloak)
rCorr   .            (no gloves)
SInv    .            (no boots)
Will    .....        (no amulet)
Stlth   ++           f - +6 ring of dexterity
HPRegen 0.25/turn    l - +6 ring of intelligence
MPRegen 0.10/turn

%: no passive effects
@: mighty
A: antennae 1, powered by pain 1
a: no special abilities


You were on level 3 of the Dungeon.
You visited 1 branch of the dungeon, and saw 4 of its levels.

You collected 208 gold pieces.

Inventory:

Hand Weapons
 a - a +1 dagger (weapon)
Armour
 c - a +1 robe (worn)
Magical Staves
 h - a staff of air
Jewellery
 f - a +6 ring of dexterity (left hand)
 l - a +6 ring of intelligence (right hand)
 n - a +5 ring of evasion
Wands
 d - a wand of flame (1)
Scrolls
 e - 3 scrolls of enchant weapon
Potions
 b - a potion of attraction {unknown}
 j - a potion of mutation {unknown}


   Skills:
 + Level 2.2 Fighting
 - Level 1.7 Throwing
 + Level 2.1 Stealth
 - Level 2.0 Spellcasting
 + Level 1.8 Conjurations
 + Level 2.1 Fire Magic
 - Level 3.8 Earth Magic
 - Level 1.0 Evocations


You had 5 spell levels left.
You knew the following spells:

 Your Spells              Type           Power      Damage    Failure   Level
a - Sandblast             Erth           38%        2d10      2%          1
b - Foxfire               Conj/Fire      40%        2x1d6     6%          1

Your spell library contained the following spells:

 Spells                   Type           Power      Damage    Failure   Level
 Passwall                 Erth           19%        N/A       9%          3
 Momentum Strike          Conj/Tloc      12%        3d8       14%         2
 Blink                    Tloc           4%         N/A       21%         2
 Ensorcelled Hibernation  Hex/Ice        4%         N/A       21%         2
 Lesser Beckoning         Tloc           4%         N/A       21%         2
 Volatile Blastmotes      Fire/Tloc      12%        2d11      26%         3
 Fugue of the Fallen      Necr           2%         N/A       38%         3
 Sigil of Binding         Hex            2%         N/A       38%         3
 Swiftness                Air            2%         N/A       38%         3
 Animate Armour           Summ/Erth      20%        N/A       52%         4
 Anguish                  Hex/Necr       1%         N/A       80%         4
 Death Channel            Necr           1%         N/A       100%        6
 Plasma Beam              Fire/Air       3%         2x1d13    100%        6
 Sculpt Simulacrum        Ice/Alch       1%         N/A       100%        6
 Starburst                Conj/Fire      5%         6d4       100%        6


Dungeon Overview and Level Annotations

Branches:
Dungeon (4/15)
 Temple: D:4-7

Altars:
Gozag

Shops:
D:2 [


Innate Abilities, Weirdness & Mutations

You have a pair of small antennae on your head.
You sometimes gain a little power by taking damage.


Message History

The hound is moderately wounded.
The steam dragon hisses angrily.
The hound misses you. The hound barely misses you.
The blast of sand misses the hound.
The hound closely misses you. The hound bites you but does no damage.
The hound closely misses you. The hound barely misses you.
There is a stone staircase leading up, spattered with blood here.
The hound barely misses you. x2
The steam dragon breathes steam at you. The ball of steam hits you!!
Ouch! That really hurt!
* * * LOW HITPOINT WARNING * * *
You focus on the pain.
You feel very mighty all of a sudden.
You climb upwards.
Your magical contamination has completely faded away.
There is a stone staircase leading down here.
Okay, then.
Aiming: Sandblast (safe; 2% risk of failure)
Press: ? - help, Q - select action, (/) - cycle Shift-Dir - straight line, f - hound
Aim: a hound (moderately wounded, 75% to hit)
The blast of sand misses the hound.
The hound bites you.
* * * LOW HITPOINT WARNING * * *
The hound closely misses you.
Aiming: Sandblast (safe; 2% risk of failure)
Press: ? - help, Q - select action, (/) - cycle Shift-Dir - straight line, f/p - hound
Aim: a hound (moderately wounded, 75% to hit)
The blast of sand hits the hound.
The hound is heavily wounded.
The hound bites you but does no damage. The hound closely misses you.
Aiming: Sandblast (safe; 2% risk of failure)
Press: ? - help, Q - select action, (/) - cycle Shift-Dir - straight line, f/p - hound
Aim: a hound (heavily wounded, 75% to hit)
The blast of sand hits the hound.
The hound is severely wounded.
The hound bites you.
* * * LOW HITPOINT WARNING * * *
The hound bites you.
You die...

##....#.....#.....# #.........#
#....#.....#.....# #.........#
#....#.._..'.....####.........#
#....#.....#.....##)..........#
#....#.....#.....##.#.........#
#....#######..####..#.........#
#..............###.############
#....###......†..÷.#####
####### ########@h......#
.....# #######)....###.# ####.#
#........)#.# #.# #.#
#.#####.#)#.# #.# #.# #.#
#.#.#.# #.# #.# #†# #.#.#.# #.#
#.####.# #.#...# #.# #......#
#.#######.# ########
#.........#


You could see a hound.

Vanquished Creatures
  An iguana (D:3)
  3 adders
  A gnoll (D:3)
  A dart slug (D:2)
  A ribbon worm (D:2)
  6 orcs
  4 endoplasms
  A giant cockroach (D:3)
  9 goblins
  6 hobgoblins
  7 jackals
  A quokka (D:3)
  5 ball pythons
  4 bats
  4 frilled lizards
  2 kobolds
  5 rats
61 creatures vanquished.

Notes
Turn   | Place    | Note
-------+----------+-------------------------------------------
     0 | D:1      | freelancePsychic the Demonspawn Wanderer began the quest
                  | for the Orb.
     0 | D:1      | freelancePsychic set off with the following items: a +0
                  | dagger, a potion of might, a +0 robe, a wand of flame (7);
                  | and the following spells available to memorise: Sandblast,
                  | Passwall, Foxfire, Volatile Blastmotes, Animate Armour.
     0 | D:1      | Reached XP level 1. HP: 13/13 MP: 3/3
    17 | D:1      | Learned a level 1 spell: Sandblast
    55 | D:1      | Found a faded altar of an unknown god.
   303 | D:1      | Gained mutation: You sometimes gain a little power by
                  | taking damage. [demonic ancestry]
   303 | D:1      | Reached XP level 2. HP: 11/20 MP: 5/5
   588 | D:1      | Reached skill level 1 in Fighting
   643 | D:1      | Reached skill level 1 in Stealth
   713 | D:1      | Learned a level 1 spell: Foxfire
   882 | D:2      | Found Hittaj's Armour Boutique.
   953 | D:2      | Discovered your monstrous ancestry.
   953 | D:2      | Gained mutation: You have a pair of small antennae on your
                  | head. [demonic ancestry]
   953 | D:2      | Reached XP level 3. HP: 26/26 MP: 0/6
  1782 | D:3      | Reached skill level 1 in Conjurations
  1886 | D:3      | Found an opulent altar of Gozag.
  2098 | D:3      | Reached XP level 4. HP: 29/33 MP: 2/7
  2584 | D:4      | Noticed a steam dragon
  3017 | D:3      | HP: 1/33 [hound (1)]
  3017 | D:3      | Slain by a hound

Illustrated notes

Levels and vault maps discovered:
D:1:      tarquinn_simple_flora_water_d, layout_basic,
          chequers_ecumenical_altar_simple, minmay_tetromino_s4
D:2:      layout_rooms, serial_shops, nicolae_shop_tiny_glass
D:3:      layout_basic, amcnicky_altar_gilded, minmay_quantized
D:4:      layout_gridville, portal_sewer_entry_e, serial_shops,
          kennysheep_little_box, nicolae_shop_behind_doors

Skill      XL: |  1  2  3  4 |
---------------+-------------+-----
Fighting       | 1 2 |  2.2
Stealth        | 1 2 |  2.1
Conjurations   | 1 |  1.8
Fire Magic     | 2 |  2.1
Throwing       | |  1.7
Spellcasting   | |  2.0
Earth Magic    | |  3.8
Evocations     | |  1.0

Action                     |  1- 3 |  4- 6 || total
---------------------------+-------+-------++-------
  Melee: Dagger            |    14 |     1 ||    15
   Cast: Sandblast         |    62 |    30 ||    92
  Evoke: Wand              |     3 |     3 ||     6
    Use: Potion            |     1 |     2 ||     3
         Scroll            |     4 |     5 ||     9
   Stab: Sleeping          |     1 |       ||     1
 Armour: Robe              |    20 |    26 ||    46
  Dodge: Dodged            |    17 |    35 ||    52

Table legend: (Time is in decaauts)
 A = Elapsed time spent in this place.
 B = Non-inter-level travel time spent in this place.
 C = Inter-level travel time spent in this place.
 D = Time resting spent in this place.
 E = Time spent auto-exploring this place.
 F = Levels seen in this place.
 G = Mean time per level.
                   A        B        C        D        E       F      G
               +--------+--------+--------+--------+--------+-----+--------+
         Total |   3065 |   2858 |    207 |    303 |   2113 |   4 |  766.2 |
       Dungeon |   3065 |   2858 |    207 |    303 |   2113 |   4 |  766.2 |
               +--------+--------+--------+--------+--------+-----+--------+

Top non-repeatable levels by time:
     D:3: 1517 daAuts
     D:1: 853 daAuts
     D:2: 614 daAuts
     D:4: 80 daAuts
